Map: Para Site LE

Players

Lambo - Winner!

  • Race: Zerg Zerg
  • League: Master
  • Spawn Location: 5:00

llllllllllll

  • Race: Zerg Zerg
  • League: Grandmaster
  • Spawn Location: 11:00

VOD

Have the link to the VOD?

Description

Time

  • Played on: Jan. 11, 2019, 11:25 a.m.
  • Length: 9:58
Show
View Real Time Build Order
Export as new Build Order

Lambo Zerg - Winner!

Build Orders: Hatch First 

Get SALT Encoding   

  12  0:02  Drone  
  13  0:13  Overlord  
  13  0:17  Drone  
  14  0:31  Drone x2  
  16  0:47  Hatchery  
  15  0:51  Drone  
  15  0:55  Drone  
  17  0:58  Drone  
  18  1:08  Extractor  
  17  1:14  Spawning Pool  
  17  1:16  Drone  
  17  1:19  Drone  
  18  1:28  Drone  
  19  1:40  Drone  
  20  1:51  Drone  
  21  2:00  Queen, Zergling x2  
  21  2:01  Queen, Overlord  
  26  2:08  Metabolic Boost  
  26  2:10  Drone  
  26  2:12  Drone  
  28  2:22  Drone  
  29  2:29  Zergling x2  
  30  2:35  Hatchery  
  29  2:40  Drone  
  29  2:42  Drone  
  31  2:47  Baneling Nest  
  31  2:50  Zergling x2  
  31  2:55  Drone  
  32  3:00  Overlord  
  32  3:02  Drone  
  32  3:05  Drone  
  34  3:10  Drone x2  
  35  3:21  Zergling x2  
  35  3:22  Zergling x4, Drone  
  35  3:23  Drone x2  
  41  3:29  Queen  
  41  3:31  Evolution Chamber  
  41  3:32  Baneling x2  
  41  3:33  Drone  
  43  3:47  Overlord  
  43  3:48  Drone x2  
  43  3:52  Drone x3  
  43  3:53  Overlord, Drone  
  49  3:57  Zerg Melee Weapons Level 1  
  49  4:08  Drone x3  
  52  4:10  Extractor  
  52  4:12  Extractor  
  52  4:13  Drone x6  
  52  4:15  Overlord  
  56  4:18  Drone  
  56  4:22  Drone x2  
  59  4:33  Roach Warren  
  59  4:34  Drone x2  
  59  4:35  Drone  
  59  4:38  Lair, Overlord  
  61  4:42  Drone x3  
  61  4:44  Overlord  
  64  4:47  Extractor  
  64  4:48  Drone x2  
  64  4:49  Drone  
  66  4:54  Drone x4  
  66  4:56  Evolution Chamber  
  70  5:03  Drone x2  
  70  5:04  Drone  
  70  5:06  Extractor  
  72  5:07  Overlord  
  72  5:09  Extractor  
  72  5:13  Drone  
  72  5:14  Drone x3  
  74  5:21  Zergling x8  
  78  5:24  Hatchery  
  78  5:26  Zergling x8  
  81  5:35  Overlord  
  81  5:42  Spire  
  81  5:45  Zergling x14  
  86  5:50  Baneling x2  
  86  5:57  Zerg Melee Weapons Level 2  
  86  6:02  Zergling x14  
  93  6:09  Zergling x8  
  95  6:14  Baneling  
  95  6:15  Baneling  
  91  6:41  Zergling x2  
  91  6:42  Zergling x4  
  94  6:53  Mutalisk x4  
  94  6:54  Mutalisk x4  
  94  6:55  Overlord x2  
  94  6:56  Zerg Flyer Weapons Level 1, Overlord  
  94  6:57  Mutalisk  
  94  6:58  Overlord  
  94  7:00  Overlord  
  94  7:01  Overlord, Hatchery  
  111  7:03  Overlord  
  111  7:06  Overlord  
  111  7:08  Overlord  
  110  7:13  Mutalisk x2  
  110  7:14  Mutalisk x5  
  121  7:23  Mutalisk  
  121  7:29  Mutalisk  
  116  7:31  Queen  
  116  7:36  Zergling x16  
  109  7:46  Mutalisk  
  107  7:55  Overseer  
  104  8:01  Zergling x12  
  104  8:04  Mutalisk  
  90  8:14  Zergling x6  
  90  8:25  Mutalisk  
  90  8:27  Zergling x10  
  96  8:35  Drone x5  
  96  8:38  Drone x2  
  102  8:47  Mutalisk  
  104  8:52  Baneling x2  
  104  8:55  Zergling x14  
  109  9:03  Mutalisk  
  109  9:06  Zergling x2  
  109  9:07  Zergling x8  
  115  9:16  Drone x5  
  117  9:22  Zergling x4  
  119  9:30  Overlord  
  118  9:37  Zergling x8  
  118  9:38  Zergling x8  
Show
View Real Time Build Order
Export as new Build Order

llllllllllll Zerg 

Build Orders: Hatch First 

Get SALT Encoding   

  12  0:00  Drone  
  13  0:13  Overlord  
  13  0:18  Drone  
  14  0:31  Drone x2  
  16  0:49  Hatchery  
  15  0:52  Drone  
  15  0:55  Drone  
  17  0:58  Drone  
  18  1:09  Extractor  
  17  1:14  Spawning Pool  
  17  1:17  Drone  
  17  1:20  Drone  
  18  1:30  Drone  
  19  1:40  Overlord  
  19  1:51  Drone  
  20  2:01  Queen x2  
  20  2:02  Zergling x4  
  26  2:10  Metabolic Boost  
  26  2:13  Drone x2  
  28  2:23  Drone x2  
  30  2:36  Hatchery  
  29  2:40  Drone x2  
  31  2:46  Baneling Nest  
  30  2:52  Overlord  
  30  2:56  Drone x2  
  32  3:05  Queen  
  32  3:09  Zergling x2  
  32  3:10  Drone  
  36  3:13  Drone x2  
  36  3:18  Overlord  
  38  3:21  Drone x2  
  40  3:27  Drone x2  
  40  3:33  Baneling x2  
  42  3:34  Overlord  
  42  3:37  Drone x2  
  44  3:43  Evolution Chamber  
  43  3:49  Drone x5  
  48  4:01  Zergling x6  
  48  4:02  Drone x4  
  55  4:09  Drone  
  56  4:16  Drone x6  
  62  4:25  Drone x2  
  62  4:27  Lair  
  62  4:28  Extractor x2  
  62  4:32  Roach Warren  
  62  4:33  Zerg Missile Weapons Level 1  
  62  4:34  Overlord  
  62  4:35  Overlord  
  61  4:40  Drone x3  
  61  4:42  Drone  
  66  4:52  Drone  
  66  4:53  Drone x8  
  74  5:05  Overlord, Extractor, Pneumatized Carapace  
  74  5:06  Overlord, Extractor x2  
  74  5:07  Drone  
  71  5:16  Drone x3  
  74  5:22  Overlord  
  74  5:23  Overlord  
  74  5:24  Drone  
  74  5:26  Glial Reconstitution  
  75  5:35  Extractor  
  74  5:40  Hatchery  
  74  5:41  Overlord  
  74  5:46  Drone  
  74  5:47  Drone x2  
  74  5:48  Roach x6  
  89  5:58  Overlord x4  
  89  5:59  Roach x4  
  96  6:13  Roach  
  96  6:14  Roach x5  
  107  6:27  Roach x4  
  115  6:33  Roach  
  115  6:34  Roach  
  112  6:40  Hatchery  
  112  6:42  Roach x4  
  119  6:50  Baneling  
  119  6:51  Baneling x4  
  119  6:52  Roach x7  
  133  7:05  Roach x3  
  139  7:10  Overlord x2  
  139  7:12  Roach  
  139  7:13  Roach x3  
  147  7:22  Roach x3  
  137  7:37  Roach x7  
  137  7:40  Queen x2  
  141  7:46  Hydralisk Den  
  141  7:47  Tunneling Claws  
  141  7:49  Burrow  
  132  7:57  Roach  
  132  7:58  Roach x6  
  138  8:08  Infestation Pit  
  127  8:19  Roach x4  
  131  8:20  Roach x6  
  119  8:36  Hydralisk x8  
  119  8:41  Grooved Spines  
  109  9:11  Infestor x4  
  115  9:19  Hydralisk  
  115  9:20  Hydralisk x5  
  127  9:27  Overlord x3  
Tags
 
Add a new tag
Caveats
  • Supply blocks, unpowered buildings, or Contaminate may cause inaccurate times.
  • Supply counts are checked every 10 seconds.